Cogmind - Beta 13 @@@ ROGUE MODE // 2024.04.17 @ 17:27:23 Player: Kinga Result: Destroyed by G-47 Trooper with Particle Gun Performance ------------- Evolutions (0) 0 Regions Visited (1) 200 Robots Destroyed (11) 55 Value Destroyed (375) 375 Prototype IDs (0) 0 Alien Tech Used (0) 0 Bonus (0) 0 TOTAL SCORE: 630 Bonus ------- None Cogmind --------- Core Integrity 0/250 Matter 290/300 Energy 100/100 System Corruption 0% Temperature Cool (9) Movement Core (100) Ox1 Location -10/Materials Parts ------- > --- POWER (1) -------- (None) > --- PROPULSION (2) --- (None) > --- UTILITY (2) ------ Small Storage Unit > --- WEAPON (2) ------- Light Assault Rifle > --- INVENTORY (8) ---- Large Matter Pod (150) EM Pulse Gun Peak State ------------ > --- POWER ------------ Light Ion Engine > --- PROPULSION ------- Light Treads Light Treads > --- UTILITY ---------- Small Storage Unit > --- WEAPON ----------- EM Pulse Gun Light Assault Rifle > --- INVENTORY -------- EM Pulse Gun [Rating: 6] Favorites ----------- Power Light Ion Engine Engine Light Ion Engine Propulsion Light Treads Treads Light Treads Wheel Wheel Utility Small Storage Unit Storage Small Storage Unit Weapon Light Assault Rifle Energy Gun Medium Laser Ballistic Gun Light Assault Rifle Build | -11 -10 ------- Run | Yrd Mat Slots Evolved . | . . Power . | . . Propulsion . | . . Utility . | . . Weapon . | . . Parts Attached 8 | 5 3 Power 1 | . 1 Engine 1 | . 1 Core . | . . Reactor . | . . Propulsion 3 | 2 1 Treads 2 | 2 . Leg . | . . Wheel 1 | . 1 Hover . | . . Flight . | . . Utility 1 | 1 . Device . | . . Storage 1 | 1 . Processor . | . . Hackware . | . . Protection . | . . Artifact . | . . Weapon 3 | 2 1 Energy Gun 2 | 1 1 Energy Cannon . | . . Ballistic Gun 1 | 1 . Ballistic Cannon . | . . Launcher . | . . Special Weapon . | . . Impact Weapon . | . . Slashing Weapon . | . . Piercing Weapon . | . . Special Melee Weapon . | . . Unidentified Prototypes . | . . Parts Lost 5 | . 5 Power 1 | . 1 Propulsion 3 | . 3 Utility . | . . Weapon 1 | . 1 Highest Loss Streak 5 | . 5 To Critical Strikes . | . . Average Slot Usage (%) 81 | . 81 Engine 13 | . 13 Treads 25 | . 25 Storage 14 | . 14 Energy Gun 13 | . 13 Ballistic Gun 14 | . 14 Naked Turns . | . . Heaviest Build 11 | 8 11 Greatest Support 40 | 40 40 Greatest Overweight (x) 3 | . 3 Average Overweight (x) . | . . Largest Inventory Capacity 8 | 8 8 Average Capacity 7 | 6 8 Most Carried 2 | 2 2 Average Carried 1 | 1 1 Final Capacity 8 | 8 8 Final Carried 2 | 2 2 Class Distribution -------------------- 100% | Mutant Dominant Class ---------------- Mutant | -10/Materials Resources | -11 -10 ----------- Run | Yrd Mat Matter Collected 460 | 199 261 Remotely . | . . Salvage Created 437 | . 437 Parts 27 | . 27 Haulers Intercepted . | . . Recyclers Shooed . | . . Parts Field Recycled . | . . Retrieved Matter . | . . Parts Self-Destructed . | . . Prevented . | . . Kills | -11 -10 ------- Run | Yrd Mat Combat Hostiles Destroyed 10 | . 10 Guns 10 | . 10 Classes Destroyed 3 | . 3 Watcher 1 | . 1 Grunt 9 | . 9 Subdweller 1 | . 1 Best Kill Streak 3 | . 3 Combat Bots Only 3 | . 3 Max Kills in Single Turn 1 | . 1 Gunslinging . | . . Exploded . | . . Melee . | . . Uniques/NPCs Destroyed . | . . Combat | -11 -10 -------- Run | Yrd Mat Hostile Shots Fired 81 | . 81 Missed 18 | . 18 Damage Taken 871 | . 871 Core 252 | . 252 Absorbed by Shields . | . . Core Remaining (%) 100 | 100 . Volleys Fired 56 | . 56 Largest 2 | . 2 Hottest 70 | . 70 Shots Fired 101 | . 101 Gun 101 | . 101 Cannon . | . . Launcher . | . . Special . | . . Kinetic 56 | . 56 Thermal 25 | . 25 Explosive . | . . Electromagnetic 20 | . 20 Robot Hit Streak 6 | . 6 Robot Miss Streak 3 | . 3 Penetration Max . | . . Secondary Targets 1 | . 1 Max Gunslinging Chain 1 | . 1 Shots Hit Robots 64 | . 64 Core Hits 24 | . 24 Critical Kills . | . . Critical Parts Destroyed . | . . Critical Strikes 3 | . 3 Burn 3 | . 3 Melee Attacks . | . . Impact . | . . Slashing . | . . Piercing . | . . Sneak Attacks . | . . Combat Hostiles . | . . Follow-up Attacks . | . . Damage Inflicted 720 | . 720 Guns 671 | . 671 Cannons . | . . Explosions 49 | . 49 Melee . | . . Ramming . | . . Kinetic 274 | . 274 Thermal 261 | . 261 Explosive . | . . Electromagnetic 185 | . 185 Impact . | . . Slashing . | . . Piercing . | . . Highest Corruption . | . . Average Corruption . | . . Corruption Purged . | . . Corruption Blocked . | . . Overload Shots . | . . Overflow Damage . | . . Projectiles . | . . Explosions . | . . Melee . | . . Knockbacks . | . . Impact . | . . Kinetic . | . . Secondary . | . . Self-Inflicted Damage . | . . Shots . | . . Rammed . | . . Targets Rammed . | . . Kicked . | . . Crushed . | . . Highest Temperature 306 | . 306 Average Temperature 88 | . 88 Received Heat Transfer 486 | . 486 Siege Activations . | . . Robots Corrupted . | . . Combat Hostiles . | . . Parts Fried 1 | . 1 Impact Corruptions . | . . Robots Melted . | . . Combat Hostiles . | . . Parts Melted 1 | . 1 Heat Transferred 951 | . 951 Parts Sabotaged . | . . Parts Stolen . | . . Parts Stripped . | . . Power Chain Reactions 1 | . 1 Alert | -11 -10 ------- Run | Yrd Mat Peak Influence 146 | . 146 Initial . | . . Average 62 | . 72 Maximum Alert Level . | . . Low Security (%) 100 | 100 100 Level 1 . | . . Level 2 . | . . Level 3 . | . . Level 4 . | . . Level 5 . | . . High Security . | . . Max Security . | . . Squads Dispatched 2 | . 2 Investigation 2 | . 2 Extermination . | . . Reinforcement . | . . Assault . | . . Garrison . | . . Intercept . | . . Searches Triggered . | . . Construction Impeded . | . . Haulers Reinforced . | . . Active Scanning Responses . | . . Cargo Convoy Interrupts . | . . Stealth | -11 -10 --------- Run | Yrd Mat Distress Signals . | . . Communications Jammed . | . . Distress Signals . | . . Times Spotted 19 | . 19 Peak Tracking Total 4 | . 4 Tactical Retreats 1 | . 1 Traps | -11 -10 ------- Run | Yrd Mat Traps Triggered 1 | . 1 Indirectly . | . . Trap Hack Attempts . | . . Triggered . | . . Disarmed . | . . Reprogrammed . | . . Reused . | . . Traps Extracted . | . . Installed . | . . Triggered . | . . Machines | -11 -10 ---------- Run | Yrd Mat Machines Disabled . | . . Max in Single Turn . | . . Machines Repaired . | . . Machines Dismantled . | . . Machines Sabotaged . | . . Overloaded Fab Kills . | . . Hacking | -11 -10 --------- Run | Yrd Mat Machines Accessed 5 | . 5 Terminals 5 | . 5 Fabricators . | . . Repair Stations . | . . Recycling Units . | . . Scanalyzers . | . . Garrison Access . | . . Total Hacks 16 | . 16 Successful 4 | . 4 Failed 12 | . 12 Catastrophic 3 | . 3 Database Lockouts . | . . Manual 13 | . 13 Terminals 16 | . 16 Fabricators . | . . Repair Stations . | . . Recycling Units . | . . Scanalyzers . | . . Garrison Access . | . . Terminal Hacks 3 | . 3 Alert Level 1 | . 1 Hauler Manifests 1 | . 1 Registered Components 1 | . 1 Fabricator Hacks . | . . Repair Station Hacks . | . . Recycling Unit Hacks . | . . Scanalyzer . | . . Garrison Access Hacks . | . . Unauthorized Hacks 1 | . 1 Terminals 1 | . 1 Assimilate 1 | . 1 Fabricators . | . . Repair Stations . | . . Recycling Units . | . . Scanalyzers . | . . Garrison Access . | . . Data Cores Recovered . | . . Used . | . . Hacking Detections 4 | . 4 Full Trace Events 3 | . 3 Feedback Events . | . . Feedback Blocked . | . . Robot Schematics Acquired . | . . Robots Built . | . . Authchips . | . . Time . | . . Total Robot Build Rating . | . . Part Schematics Acquired . | . . Parts Built . | . . Authchips . | . . Time . | . . Total Part Build Rating . | . . Parts Repaired . | . . Time . | . . Parts Recycled . | . . Recycled Matter . | . . Retrieved Matter . | . . Retrieved Components . | . . Parts Scanalyzed . | . . Part Schematics Acquired . | . . Parts Damaged . | . . Bothacking | -11 -10 ------------ Run | Yrd Mat Used RIF Installer . | . . Robots Hacked . | . . Non-combat . | . . Combat . | . . Robot Hacks Applied . | . . Relay Couplers Released . | . . Fabnet Peak Effective % . | . . Robots Rewired . | . . Allies Hacked . | . . Hacks Repelled . | . . Allies | -11 -10 -------- Run | Yrd Mat Total Allies 1 | . 1 Largest Group 1 | . 1 Highest-Rated Group 10 | . 10 Highest-Rated Ally 10 | . 10 Total Orders . | . . Ally Attacks . | . . Total Damage . | . . Kills . | . . Allies Corrupted . | . . Allies Melted . | . . Intel | -11 -10 ------- Run | Yrd Mat Robot Analysis Total . | . . Derelict Logs Recovered . | . . Drone Launches . | . . Drone Recoveries . | . . Exploration | -11 -10 ------------- Run | Yrd Mat Turns Passed 740 | 98 642 Spaces Moved 363 | 60 303 Core 9 | 6 3 Treads 354 | 54 300 Legs . | . . Wheels . | . . Hover . | . . Flight . | . . Fastest Speed 50 | 50 160 Average Speed 158 | 149 160 Slowest Speed 200 | 160 200 Overloaded Moves . | . . Propulsion Burnouts . | . . Robots Hopped . | . . Cave-ins Triggered . | . . Exploration Rate (%) 29 | 4 54 Regions Visited 1 Branch Regions . Pre-discovered Areas . | . . Known Exits Taken . | . . Unknown Exits Taken 1 | 1 . Scrap Searched . | . . Spaces Dug . | . . Terrain Destroyed 9 | . 9 Melee . | . . Projectile . | . . AOE 9 | . 9 Terrain Rammed . | . . Walls Destroyed . | . . Machines Disabled . | . . Actions | -11 -10 --------- Run | Yrd Mat Total 434 | 66 368 Wait 4 | . 4 Move 362 | 59 303 Hop . | . . Pick Up 3 | 2 1 Fast Attach 7 | 5 2 Attach 1 | . 1 Detach . | . . Swap . | . . Drop 1 | . 1 Fire 56 | . 56 Melee . | . . Ram . | . . Kick . | . . Crush . | . . Escape Stasis . | . . Rewire . | . . Trap . | . . Miscellaneous . | . . Route ------- -11/Scrapyard -10/Materials (discovered 4 exits: [*Mat x2] / [*Min x2]) History --------- Turn | Location | Event 14 | -11/Scrapyard | Discovered new exit (range 16) 99 | -11/Scrapyard | Entered Materials 270 | -10/Materials | Discovered new exit (range 16) 289 | -10/Materials | Discovered new exit (range 15) 310 | -10/Materials | Build established: Mutant 450 | -10/Materials | Discovered new exit (range 8) 549 | -10/Materials | Discovered new exit (range 14) 599 | -10/Materials | Derelicts attacked the area 641 | -10/Materials | Core integrity fell below 50% 728 | -10/Materials | Core integrity fell below 20% 741 | -10/Materials | Destroyed by G-47 Trooper with Particle Gun Last Messages --------------- 00702_ R-06 Scavenger collects Com. Wheel. 00703_ K-01 Serf collects debris. 00706_ R-06 Scavenger collects Aluminum Leg. 00708_ K-01 Serf collects debris. 00708_ Acquired Wheel. 00709_ R-06 Scavenger collects Sml. Laser. 00711_ K-01 Serf collects debris. 00714_ Critical hit (Burn: +37). 00715_ K-01 Serf collects debris. 00715_ G-47 Trooper suffers critical hit (Burn). 00716_ Lgt. Ion Engine destroyed. 00718_ Critical hit (Burn: +37). 00719_ K-01 Serf collects debris. 00720_ Med. Laser destroyed. 00723_ K-01 Serf collects debris. 00729_ U-05 Engineer builds a Wall. 00729_ K-01 Serf collects debris. 00737_ Wheel destroyed. 00737_ G-34 Mercenary destroyed. 00738_ K-01 Serf collects debris. Map ----- +----------------------------------------------------+ | | | | | | | | | ?????????????????????????????????????????????????? | | ?????????????????????????????????????????????????? | | ?????????????????????????????????????????????????? | | ?????????????????????????????????????????????????? | | ?????????????????????????????????????????????????? | | ?????????????????????????????????????????????????? | | ?????????????????????????????????????????????????? | | ?????????????????????????????????????????????????? | | ?????????????????????????????????????????????????? | | ???????????#####??????????????????????###????????? | | ???????????# #?????????????????????? #????????? | | ?????????### #?????????????????????? #????????? | | ?????????# # #?????????????????????? +????????? | | ?????????# #?????????????????????? #????????? | | ?######??### #?????????????????????? #????????? | | ############ #?????????????????????? #????????? | | #?????????????????????# #????????? | | % #?????????????????????# #????????? | | %= #?????????????????????# #????????? | | ######### #?????#######????????## ##???????? | | #?####### % #######[ ########## ###?????? | | #???????# k!&&%* @!% !%* # #????? | | #???????# k= /%& %% * u= #????? | | ######### !r% & ########## # #?????? | | ##+###+######## #????????## ##???????? | | # #???## g##?######### #????????? | | # ! #????# ## + #????????? | | """ # ! #????# ## ! # #?######?? | | """"" # #??### ## # #? #?? | | """"" ?#! #??#"" ## ?# # #?? | | """""??# %#??#"" ##########?# # """ #?? | | """ ??# #??#"T ############ + """ #?? | | ??# #??#"" # """ #?? | | ######?###########??#"" # #?? | | ##### ###### ####?######?? | | % #???????????? | | T < #???????????? | | ######## %<%#???????????? | | ##### ##+###??????# =! #???????????? | | # ##???# "!"!" # ???????######% #???????????? | | # #????#""!"!""# ??????????# #???????????? | | # #????######### "" #?????????# #???????????? | | # #????????????# "T ! #?????????# #???????????? | | # #????????????# "" #?????????# #???????????? | | ????????????# !#?????????# #???????????? | | #???????????########?????????? #???????????? | +----------------------------------------------------+ Best States ------------- Heat Dissipation 25 Energy Generation 10 Energy Capacity 125 Matter Stores 300 Matter Capacity 300 Sight Range 16 Terrain Scan Density 10 Evasion (%) 40 Recoil Reduction 2 Item Schematics ----------------- None Robot Schematics ------------------ None Fabricated ------------ Nothing Alien Tech Used ----------------- None Achievements -------------- None Challenges ------------ None Game ------ Seed ConstructTargetNeutralizer Manual? 0 Play Time 00:06:08 Cumulative 25.5 hours Start 2024.04.17 @ 17:22:27 End 2024.04.17 @ 17:27:23 Sessions 1 Manual Loads 0 Difficulty Rogue Special Mode None Game No. 39 Rogue 39 Adventurer 0 Explorer 0 Win Type - Total 1 Types 1/0/0/0/0/0/0/0/0 Lore% 17 Gallery% 38 Achievement% 31 Wizard Run 0 Options --------- Layout 0 ASCII 0 Keyboard 0 Movement Numpad Keybinds 0 Fullscreen 2 Font 18/SmallcapsGlow Map View 76x50 Zoom Use 0% Tactical HUD 1 Map Filters NONE Filters NONE Steam 1 RUN: 773fa917-bb5f-4eea-a015-2b72cbb05b31